 Dungeon Crawl Stone Soup version 0.17.1-3-g152610e (webtiles) character file.

144 inmateoo the Ruffian (level 5, 0/40 (41) HPs)
             Began as a Ghoul Necromancer on Feb 24, 2016.
             Slain by a hound (4 damage)
             ... on level 4 of the Dungeon.
             The game lasted 00:04:24 (3118 turns).

inmateoo the Ruffian (Ghoul Necromancer)            Turns: 3118, Time: 00:04:24

HP:   0/40 (41)     AC:  3    Str: 13    XL:     5   Next: 26%
MP:   6/6           EV: 12    Int: 10    God:
Gold: 214           SH:  0    Dex:  9    Spells: 1 memorised, 6 levels left

rFire  . . .     SeeInvis .       - Unarmed
rCold  + . .     Clarity  .     a - +1 robe
rNeg   + + +     SustAt   .     (no shield)
rPois  ∞         Gourm    .     (no helmet)
rElec  .         Spirit   .     (no cloak)
rCorr  .         Warding  .     (no gloves)
rMut   .         Stasis   .     (no boots)
MR     .....                    (no amulet)
Stlth  ++........               (no ring)
                                (no ring)

@: rotting, not resistant to hostile enchantments, unstealthy
A: rotting body, claws 1, carnivore 3, cold resistance 1, negative energy
resistance 3, slow regeneration 1, torment resistance, unbreathing
a: no special abilities


You were on level 4 of the Dungeon.
You were not hungry.

You visited 1 branch of the dungeon, and saw 4 of its levels.

You collected 214 gold pieces.

Inventory:

Hand Weapons
 e - a +0 blowgun
Missiles
 m - 8 poisoned needles
Armour
 a - a +1 robe (worn)
Scrolls
 d - a scroll of remove curse
Potions
 f - a potion of invisibility
 g - a potion of mutation {unknown}
 i - 2 potions of curing {unknown}
 j - a potion of agility {unknown}
 l - a potion of haste {unknown}
Books
 b - a book of Necromancy

   Spells                             Type                      Level
   a - Pain                           Necromancy                   1
   b - Animate Skeleton               Necromancy                   1
   c - Vampiric Draining              Necromancy                   3
   d - Regeneration                   Charms/Necromancy            3
   e - Animate Dead                   Necromancy                   4
   f - Control Undead                 Necromancy                   4
Comestibles
 c - a meat ration


   Skills:
 + Level 1.6 Fighting
 - Level 1.7 Dodging
 - Level 2.1 Stealth
 * Level 4.8 Unarmed Combat
 - Level 1.7 Spellcasting
 - Level 4.0 Necromancy


You had 6 spell levels left.
You knew the following spells:

 Your Spells              Type           Power        Failure   Level  Hunger
a - Pain                  Necr           #...         10%         1    ##.....


Dungeon Overview and Level Annotations

Branches:
Dungeon (4/15)
 Temple: D:4-7

Altars:
Dithmenos
Gozag
Nemelex Xobeh
Okawaru
Qazlal
Trog


Innate Abilities, Weirdness & Mutations

Your body is rotting away.
You thrive on raw meat.
You are immune to poison.
You have sharp fingernails.
You are carnivorous and can eat meat at any time.
Your flesh is cold resistant.
You are immune to negative energy.
You regenerate slowly when monsters are visible.
You are immune to unholy pain and torment.
You can survive without breathing.


Message History

The hound bites you but does no damage.
You scratch the hound.
The hound is severely wounded.
The hound bites you.
* * * LOW HITPOINT WARNING * * *
The hound completely misses you.
You completely miss the hound.
The hound is severely wounded.
The hound bites you but does no damage.
You closely miss the hound.
The hound is severely wounded.
The hound closely misses you. The hound bites you.
* * * LOW HITPOINT WARNING * * *
You scratch the hound but do no damage.
The hound is severely wounded.
The hound bites you but does no damage.
You scratch the hound but do no damage.
The hound is severely wounded.
The hound bites you.
You die...

#### ###...###
#.......##
#......@h#
###....#.?...#
####.#####...
#.## ... #+#
######..# .# ≈≈.≈
#.....#.# .#....
#.....#.# .#..#
#.....#.####....#
#.....#..#....#


You could see a hound.

Vanquished Creatures
  A worker ant (D:4)
  6 adders
  5 worms
  3 giant geckos
  An orc (D:3)
  8 bats
  3 giant cockroaches
  3 hobgoblins
  2 jackals (D:3)
  2 giant newts
  4 goblins
  5 kobolds
  A quokka (D:2)
  12 rats
56 creatures vanquished.

Notes
Turn   | Place    | Note
--------------------------------------------------------------
     0 | D:1      | inmateoo the Ghoul Necromancer began the quest for the Orb.
     0 | D:1      | Reached XP level 1. HP: 14/14 MP: 2/2
   136 | D:1      | Reached skill level 1 in Unarmed Combat
   301 | D:1      | Reached XP level 2. HP: 12/20 MP: 3/3
  1031 | D:2      | Reached XP level 3. HP: 14/26 MP: 4/4
  2068 | D:2      | Found an opulent altar of Gozag.
  2068 | D:2      | Found a shadowy altar of Dithmenos.
  2204 | D:3      | Found a bloodstained altar of Trog.
  2220 | D:3      | Reached XP level 4. HP: 32/32 MP: 5/5
  2291 | D:3      | Found an iron altar of Okawaru.
  2345 | D:3      | Reached skill level 1 in Fighting
  2369 | D:3      | Found a sparkling altar of Nemelex Xobeh.
  2393 | D:3      | Noticed an ice beast
  2845 | D:4      | Found a stormy altar of Qazlal.
  2874 | D:4      | Reached XP level 5. HP: 38/40 MP: 6/6
  3118 | D:4      | Slain by a hound

Action                   |  1- 3 |  4- 6 || total
-------------------------+-------+-------++-------
Melee: Unarmed           |   127 |   129 ||   256
       Spear             |     9 |       ||     9
  Use: Scroll            |       |     3 ||     3
       Potion            |       |     1 ||     1
 Stab: Sleeping          |    15 |     2 ||    17
  Eat: Chunk             |    13 |    11 ||    24
